 Dungeon Crawl Stone Soup version 0.30.1-11-g7821555f0a (webtiles) character file.

Game seed: 526195494662504078

581 Gvegas66 the Cleaver (level 7, 0/58 HPs)
             Began as a Minotaur Fighter on Nov 22, 2023.
             Slain by a water moccasin (2 damage)
             ... on level 5 of the Dungeon.
             The game lasted 00:39:15 (4430 turns).

Gvegas66 the Cleaver (Minotaur Fighter)             Turns: 4430, Time: 00:39:16

Health: 0/58       AC:  8    Str: 23    XL:     7   Next: 14%
Magic:  6/6        EV:  9    Int:  5    God:
Gold:   271        SH:  4    Dex:  9    Spells: 6/6 levels left

rFire   . . .        a - +1 war axe
rCold   . . .        c - +0 buckler
rNeg    . . .        b - +0 scale mail
rPois   .            (helmet restricted)
rElec   .            (no cloak)
rCorr   .            (no gloves)
SInv    .            n - +0 pair of boots
Will    .....        (no amulet) Stlth
                     (no ring)
HPRegen 0.29/turn    (no ring)
MPRegen 0.10/turn

%: no passive effects
@: no status effects
A: horns 2, retaliatory headbutt
a: no special abilities


You were on level 5 of the Dungeon.
You visited 1 branch of the dungeon, and saw 5 of its levels.

You collected 271 gold pieces.

Inventory:

Hand Weapons
 a - a +1 war axe (weapon)
 d - a +0 halberd
 h - a +1 dagger of protection
Missiles
 e - 31 stones
 m - 4 poisoned darts
 p - a throwing net
Armour
 b - a +0 scale mail (worn)
 c - a +0 buckler (worn)
 k - a +0 ring mail
 n - a +0 pair of boots (worn)
Wands
 u - a wand of acid (5)
Scrolls
 f - a scroll of enchant armour {unknown}
 g - 3 scrolls of enchant weapon
 i - a scroll of silence
 q - 2 scrolls of immolation {unknown}
 r - a scroll of fog (quivered)
 t - a scroll of blinking {unknown}
 v - a scroll of magic mapping
 x - a scroll of identify {unknown}
Potions
 j - a potion of invisibility {unknown}
 l - a potion of haste {unknown}
 o - a potion of degeneration
 s - a potion of mutation {unknown}
 w - a potion of heal wounds {unknown}
 z - a potion of curing {unknown}


   Skills:
 - Level 3.9 Fighting
 + Level 9.1 Axes
 - Level 3.9 Armour
 - Level 4.1 Shields


You had 6 spell levels left.
You didn't know any spells.
Your spell library contained the following spells:

 Spells                   Type           Power      Damage    Failure   Level
 Necrotise                Necr           0%         1d4       85%         1
 Portal Projectile        Hex/Tloc       0%         N/A       99%         3
 Tukima's Dance           Hex            0%         N/A       99%         3
 Vampiric Draining        Necr           0%         2d6       99%         3
 Agony                    Necr           0%         N/A       100%        5
 Blade Hands              Tmut           0%         N/A       100%        5


Dungeon Overview and Level Annotations

Branches:
Dungeon (5/15)
 Temple: D:4-7

Altars:
Fedhas
Okawaru
Ru
Yredelemnul
The Shining One


Innate Abilities, Weirdness & Mutations

You have a pair of horns on your head.
You reflexively headbutt those who attack you in melee.


Message History

* * * LOW HITPOINT WARNING * * *
Things that are here:
a +0 mace; a +0 leather armour You are too injured to fight recklessly!
You are too injured to fight recklessly!
You are too injured to fight recklessly!
You block something's attack.
You see here a bubbling coppery potion.
Something hits you but does no damage.
Things that are here:
a +0 mace; a +0 leather armour Cleave: a) +1 war axe
Press: ? - help, Dir - move target, f - you That would be overly suicidal.
Okay, then.
Something completely misses you. Something hits you.
* * * LOW HITPOINT WARNING * * *
Something hits you.
* * * LOW HITPOINT WARNING * * *
Something hits you.
* * * LOW HITPOINT WARNING * * *
Something hits you but does no damage.
A water moccasin comes into view.
The water moccasin hisses angrily.
Something hits you but does no damage. Something hits you but does no damage.
The water moccasin bites you!
* * * LOW HITPOINT WARNING * * *
The water moccasin bites you.
* * * LOW HITPOINT WARNING * * *
You are too injured to fight recklessly!
You are too injured to fight recklessly!
You are too injured to fight recklessly!
You are too injured to fight recklessly!
You are too injured to fight recklessly!
You are too injured to fight recklessly!
You are too injured to fight recklessly!
You miss the water moccasin. You hit something but do no damage.
Something hits you but does no damage. The water moccasin bites you.
You die...

..#...#...# #........
..#.#.....# #.......#
...#.....# ##......#
....#....# ..# #.....†..
#.......##... ##...)...
##........ #.# #.......
.........## #..##.......
..........####..........
.......@....##.#........
##!....S##..............
#.##....# #.............
........###.............
........................
...........>............
.....#...........)#.#...
.....#.......)....###...
......#....)!#.##.# #..#


You could see a water moccasin.

Vanquished Creatures
  An ice beast (D:5)
  An ogre (D:5)
  2 scorpions
  An orc priest (D:5)
  2 hounds
  An iguana (D:5)
  3 adders
  5 gnolls
  A worm (D:3)
  7 orcs
  7 endoplasms
  3 giant cockroaches
  8 goblins
  13 hobgoblins
  4 jackals (D:4)
  7 kobolds
  2 quokkas (D:2)
  6 ball pythons (D:2)
  6 bats
  7 frilled lizards
  5 rats
92 creatures vanquished.

Notes
Turn   | Place    | Note
-------+----------+-------------------------------------------
     0 | D:1      | Gvegas66 the Minotaur Fighter began the quest for the Orb.
     0 | D:1      | Reached XP level 1. HP: 19/19 MP: 0/0
   254 | D:1      | Found a faded altar of an unknown god.
   363 | D:1      | Reached XP level 2. HP: 27/27 MP: 1/1
   593 | D:1      | Reached skill level 3 in Axes
   904 | D:1      | Reached XP level 3. HP: 22/33 MP: 2/2
  1600 | D:2      | Reached skill level 4 in Axes
  1619 | D:2      | Reached XP level 4. HP: 16/40 MP: 3/3
  1855 | D:2      | Reached skill level 5 in Axes
  2414 | D:3      | Found a blossoming altar of Fedhas.
  2414 | D:3      | Found an iron altar of Okawaru.
  2459 | D:3      | Found a basalt altar of Yredelemnul.
  2907 | D:3      | Found a glowing golden altar of the Shining One.
  3057 | D:3      | Reached XP level 5. HP: 42/46 MP: 4/4
  3199 | D:3      | Reached skill level 6 in Axes
  3969 | D:4      | Found a sacrificial altar of Ru.
  4146 | D:5      | Entered Level 5 of the Dungeon
  4146 | D:5      | Noticed an ice beast
  4156 | D:5      | Reached skill level 7 in Axes
  4156 | D:5      | Killed an ice beast
  4157 | D:5      | Reached XP level 6. HP: 52/52 MP: 5/5
  4252 | D:5      | Reached skill level 8 in Axes
  4369 | D:5      | Reached XP level 7. HP: 45/58 MP: 6/6
  4397 | D:5      | Reached skill level 9 in Axes
  4429 | D:5      | HP: 2/58 [water moccasin (4)]
  4430 | D:5      | Slain by a water moccasin

Illustrated notes

Levels and vault maps discovered:
D:1:      dpeg_arrival_prison, layout_loops_corners,
          shapermc_ecumenical_altar_venn
D:2:      layout_loops_cross, nicolae_concentric_dashed_squares_wild
D:3:      cheibrodos_greedy_goblins, layout_loops_ring, tso_metal_star,
          chequers_temple_overflow_statue_of_worship, minmay_between
D:4:      layout_cave_pools, kennysheep_mini_moat, item_on_display_a
D:5:      layout_cave_pools, mainiacjoe_overflow_alcove_2,
          minmay_stone_trees_small

Skill      XL: |  1  2  3  4  5  6  7 |
---------------+----------------------+-----
Shields        | 4 |  4.1
Axes           | 3 4 5 7 8 9 |  9.1
Fighting       | |  3.9
Armour         | |  3.9

Action                     |  1- 3 |  4- 6 |  7- 9 || total
---------------------------+-------+-------+-------++-------
  Melee: War axe           |    77 |   124 |    12 ||   213
         Headbutt          |    11 |    11 |     1 ||    23
  Throw: Stone             |     5 |       |       ||     5
         Dart              |     1 |       |       ||     1
    Use: Potion            |     3 |     2 |       ||     5
         Scroll            |       |     9 |       ||     9
 Armour: Scale mail        |    38 |    48 |     9 ||    95
         Skin              |     3 |       |       ||     3
  Dodge: Dodged            |    36 |    46 |     9 ||    91
  Block: Buckler           |    14 |    32 |     2 ||    48
